 Dungeon Crawl Stone Soup version 0.30-a0-1103-g25895a7845 (webtiles) character file.

Game seed: 4945953451518584033

201099 LustLizard the Earth Mage (level 17, -2/93 HPs)
             Began as a Deep Elf Air Elementalist on Apr 18, 2023.
             Was the Champion of Hepliaklqana.
             Slain by a radroach (50 damage)
             ... on level 4 of the Spider Nest.
             The game lasted 02:03:38 (52787 turns).

LustLizard the Earth Mage (DEAE)                   Turns: 52787, Time: 02:03:39

Health: -2/93      AC: 12    Str:  7    XL:     17   Next: 90%
Magic:  34/43      EV: 13    Int: 27    God:    Hepliaklqana [******]
Gold:   1937       SH:  0    Dex: 10    Spells: 4/38 levels left

rFire   . . .      SeeInvis +    r - staff of earth
rCold   . . .      Faith    .    (no shield)
rNeg    + + +      Spirit   .    h - +3 leather armour {rPois}
rPois   +          Reflect  .    S - +2 hat
rElec   .          Rampage  .    O - scarf of Moamom {shadows, Will++ Regen+ SInv}
rCorr   .          Archmagi +    A - +0 pair of gloves of the Leaf {rN+++ Will+++ Regen+ Dex-5}
Will    +++++                    j - +2 pair of boots {Fly}
Stlth   ++++                     t - amulet of magic regeneration
HPRegen 1.95/turn                o - ring of magical power
MPRegen 0.68/turn                I - ring of the Mage {Wiz Archmagi}

@: flying, very slightly contaminated
A: reduced essence
}: 1/15 runes: barnacled
a: Renounce Religion, Recall Ancestor, Ancestor Identity, Transference, Idealise


You were on level 4 of the Spider Nest.
You worshipped Hepliaklqana.
Hepliaklqana was exalted by your worship.
You visited 6 branches of the dungeon, and saw 31 of its levels.
You visited 1 bazaar.
You also visited: Sewer, Ice Cave and Volcano.

You collected 2917 gold pieces.
You spent 980 gold pieces at shops.

Inventory:

Hand Weapons
 e - a +3 sling
 V - a +0 demon blade of freezing
Missiles
 U - 5 throwing nets
Armour
 d - a +1 robe of resistance
 f - the +0 robe "Put-Me-On" {rElec Will+ Int-2 SInv}
   (You bought it in a shop in a bazaar)

   Int:       It affects your intelligence (-2).
   rElec:     It insulates you from electricity.
   SInv:      It lets you see invisible.
   Will:      It increases your willpower.
 h - a +3 leather armour of poison resistance (worn)
 j - a +2 pair of boots of flying (worn)
 A - the +0 pair of gloves of the Leaf (worn) {rN+++ Will+++ Regen+ Dex-5}
   (You bought it in a shop on level 2 of the Orcish Mines)

   Dex:       It affects your dexterity (-5).
   rN:        It renders you almost immune to negative energy.
   Regen:     It increases your rate of health regeneration.
   Will:      It greatly increases your willpower.
 J - a +2 kite shield of cold resistance
 O - the scarf of Moamom (worn) {shadows, Will++ Regen+ SInv}
   (You found it on level 4 of the Lair of Beasts)

   SInv:      It lets you see invisible.
   Regen:     It increases your rate of health regeneration.
   Will:      It greatly increases your willpower.
 S - a +2 hat (worn)
Magical Staves
 r - a staff of earth (weapon)
Jewellery
 o - a ring of magical power (left hand)
 p - a +5 ring of evasion
 t - an amulet of magic regeneration (around neck)
 x - a +6 ring of intelligence
 I - the ring of the Mage (right hand) {Wiz Archmagi}
   (You found it on level 5 of the Lair of Beasts)

   [ring of wizardry]

   It improves your spell success rate.
   Archmagi:  It increases the power of your magical spells.
 W - a ring of protection from cold
 Y - a ring of resist corrosion
Wands
 y - a wand of charming (28)
 B - a wand of digging (13)
 F - a wand of iceblast (11)
 K - a wand of mindburst (12)
 N - a wand of polymorph (18)
 R - a wand of flame (52)
 T - a wand of acid (2)
Scrolls
 a - 4 scrolls of identify
 c - a scroll of butterflies
 g - a scroll of brand weapon
 i - 4 scrolls of amnesia
 k - 16 scrolls of teleportation
 s - 2 scrolls of immolation
 u - 4 scrolls of magic mapping
 v - 3 scrolls of fog
 G - 3 scrolls of enchant armour
 L - 2 scrolls of fear
 M - 2 scrolls of blinking
 P - 2 scrolls of poison
Potions
 b - 3 potions of magic
 l - 3 potions of berserk rage
 m - 3 potions of ambrosia
 n - 6 potions of mutation
 q - 5 potions of cancellation
 w - 21 potions of curing
 z - 3 potions of haste
 C - 4 potions of resistance
 D - 4 potions of flight
 H - 7 potions of might
 Q - 2 potions of invisibility
 X - a potion of heal wounds
 Z - 3 potions of brilliance
Miscellaneous
 E - a phantom mirror


   Skills:
 + Level 11.3 Fighting
 - Level 1.6 Armour
 - Level 7.3 Dodging
 - Level 10.9 Stealth
 + Level 6.4 Shields
 - Level 11.0 Spellcasting
 - Level 14.3 Conjurations
 - Level 4.0 Translocations
 * Level 9.7 Fire Magic
 + Level 13.4 Air Magic
 * Level 16.1 Earth Magic
 + Level 7.3 Invocations
 + Level 7.4 Evocations


You had 4 spell levels left.
You knew the following spells:

 Your Spells              Type           Power      Damage    Failure   Level
a - Shock                 Conj/Air       100%       1d9       0%          1
b - Static Discharge      Conj/Air       100%       2-7/arc   1%          2
c - Swiftness             Air            92%        N/A       1%          3
d - Blink                 Tloc           100%       N/A       1%          2
e - Airstrike             Air            46%        2d(7-23)  1%          4
f - Tukima's Dance        Hex            22%        N/A       7%          3
g - Lee's Rapid Deconstr  Erth           62%        3d28*     1%          5
h - Lehudib's Crystal Sp  Conj/Erth      60%        10d14     26%         8
i - Plasma Beam           Fire/Air       43%        2x1d62    3%          6

Your spell library contained the following spells:

 Spells                   Type           Power      Damage    Failure   Level
 Cigotuvi's Dreadful Rot  Necr/Pois/Air  100%       N/A       1%          2
 Lesser Beckoning         Tloc           100%       N/A       1%          2
 Momentum Strike          Conj/Tloc      100%       3d10      1%          2
 Passwall                 Tmut/Erth      77%        N/A       1%          2
 Dazzling Flash           Conj/Hex       100%       N/A       1%          3
 Gell's Gravitas          Tloc           53%        N/A       1%          3
 Teleport Other           Tloc           53%        N/A       1%          3
 Vhi's Electric Charge    Tloc/Air       100%       N/A       1%          3
 Volatile Blastmotes      Fire/Tloc      100%       2d18      1%          3
 Fulminant Prism          Conj/Hex       34%        3d16      1%          4
 Iskenderun's Mystic Bla  Conj/Tloc      77%        2d15      1%          4
 Leda's Liquefaction      Hex/Erth       46%        N/A       1%          4
 Necrotise                Necr           88%        1d8       2%          1
 Summon Small Mammal      Summ           88%        N/A       2%          1
 Ensorcelled Hibernation  Hex/Ice        44%        N/A       3%          2
 Sublimation of Blood     Necr           22%        N/A       3%          2
 Wereblood                Tmut           22%        N/A       3%          2
 Portal Projectile        Hex/Tloc       76%        N/A       3%          3
 Manifold Assault         Tloc           53%        N/A       4%          4
 Passage of Golubria      Tloc           53%        N/A       4%          4
 Call Canine Familiar     Summ           22%        N/A       7%          3
 Spider Form              Tmut/Pois      22%        N/A       7%          3
 Summon Guardian Golem    Hex/Summ       22%        N/A       7%          3
 Anguish                  Hex/Necr       11%        N/A       22%         4
 Cause Fear               Hex            11%        N/A       22%         4
 Dispel Undead            Necr           22%        3d12      22%         4
 Arcjolt                  Conj/Air       47%        1d57      1%          5
 Starburst                Conj/Fire      44%        6d12      2%          6
 Silence                  Hex/Air        33%        N/A       4%          5
 Statue Form              Tmut/Erth      62%        N/A       12%         6
 Blade Hands              Tmut           11%        N/A       50%         5
 Storm Form               Tmut/Air       33%        N/A       73%         7
 Death Channel            Necr           11%        N/A       96%         6
 Eringya's Noxious Bog    Tmut/Pois      11%        N/A       96%         6
 Enfeeble                 Hex            11%        N/A       100%        7
 Haunt                    Necr/Summ      11%        N/A       100%        7
 Summon Hydra             Summ           11%        N/A       100%        7
 Death's Door             Necr           11%        N/A       100%        9


Dungeon Overview and Level Annotations

Branches:
Dungeon (15/15)            Temple (1/1) D:4            Lair (5/5) D:10
 Shoals (4/4) Lair:2       Spider (4/4) Lair:3        Slime (0/5) Lair:4
    Orc (2/2) D:12            Elf (0/3) Orc:2        Vaults (0/5) D:14
 Depths (0/4) D:15          Sewer (visited)           IceCv (visited)
Volcano (visited)

Altars:
Ashenzari
Cheibriados
Dithmenos
Elyvilon
Fedhas
Gozag
Hepliaklqana
Kikubaaqudgha
Makhleb
Nemelex Xobeh
Okawaru
Qazlal
Ru
Sif Muna
Trog
Uskayaw
Vehumet
Wu Jian
Xom
Yredelemnul
Zin
The Shining One
Jiyva

Shops:
D:4 :   D:6 *   D:7 (   D:8 ((!   D:10 ?   Orc:2 ![([(   Shoals:2 (?

Portals:
Trove: D:12 (give 8 scrolls of fog)

Annotations:
D:10 3 runed translucent doors, particleface's ghost, novice TeCK
D:13 3 runed translucent doors, baller8008's ghost, journeyman MiFi
D:14 Agnes; Louise
Lair:2 2 transporters


Message History

A wolf spider comes into view.
You feel a surge of power!
The air twists around and strikes the wolf spider!
The wolf spider is moderately wounded.
You feel a surge of power!
The air twists around and strikes the wolf spider!
The wolf spider is severely wounded.
The wolf spider closely misses Caesarion.
The wolf spider barely misses Caesarion.
Caesarion completely misses the wolf spider.
You feel a surge of power!
The air twists around and strikes the wolf spider!!
You kill the wolf spider!
You can't see any susceptible monsters within range! (Use Z to cast anyway.)
You now have 1937 gold pieces (gained 20).
You swap places.
A radroach comes into view.
You feel a surge of power!
The air twists around and strikes the radroach.
The radroach is lightly wounded.
The radroach erupts in a fountain of uncontrolled magic!
You are blasted with magical radiation!!!
Ouch! That really hurt!
You are very lightly contaminated with residual magic.
Casting: Airstrike (safe; 1% risk of failure)
Confirm with . or Enter, or press ? or * to list all spells.
Casting: Plasma Beam (dangerous; 3% risk of failure)
Press: ? - help, Dir - look around, f - activate You feel a surge of power!
The bolt of lightning hits the radroach!
The radroach is lightly wounded.
The fiery plasma hits the radroach!!!
The radroach is severely wounded.
You hear a faint skittering sound.
You hear a shout!
You hear a hideous shriek!
The radroach erupts in a fountain of uncontrolled magic!
Caesarion is blasted with magical radiation!!!
Caesarion is destroyed!
You are blasted with magical radiation!!!
Ouch! That really hurt!
You die...

#.....†..#.^##....#
#........#...##..^#
##.##...###.#.#####
####.....#^##...#### ##
##...######..#..# #..
##....^..#..##†.## ##..
#.......##^..#..##
#....##.......#.#####.#
#....B@.......###.....#
###.........#^# ##.....
#.......^.#######.....
##.#.....## #..#?#...
###...^.# #^..##...
#.....# ##...#....
#....#. #...^####.
##..#...#. #####...##


You could see a radroach.

Vanquished Creatures
  Saint Roka (Orc:2)
  2 krakens
  Roxanne (D:14)
  Ilsuiw (Shoals:2)
  3 ghost moths
  An emperor scorpion (Spider:3)
  A broodmother (Spider:2)
  The ghost of Avaziugi the Black Belt, a journeyman OpTm of Jiyva (Lair:4)
  The ghost of Fagh the Fighter, a journeyman DsCK of Xom (Lair:4)
  The ghost of Icosk the Cleaver, a journeyman MeRe of Okawaru (Lair:4)
  6 merfolk javelineers
  The ghost of Zinwir the Markskobold, a journeyman KoHu of Hepliaklqana (Lair:4)
  Snorg (D:13)
  8 merfolk impalers
  2 ogre magi (D:15)
  4 hydras
  A jorogumo (Spider:2)
  A vault guard (D:14)
  A catoblepas (D:13)
  A radroach (Spider:1)
  4 merfolk avatars
  2 alligator snapping turtles
  2 merfolk aquamancers
  5 centaur warriors
  8 two-headed ogres
  3 boulder beetles
  A deep troll earth mage (D:15)
  A satyr (Shoals:3)
  Urug (Lair:4)
  2 tengu warriors (D:14)
  4 sun demons (Shoals:2)
  A hell knight (D:15)
  3 skysharks
  Nergalle (D:11)
  A flayed ghost (D:15)
  5 pharaoh ants
  7 orb spiders
  2 sun moths (Shoals:2)
  11 sea snakes
  A salamander mystic (D:12)
  A bog body (IceCv)
  2 wizards (D:15)
  A lindwurm (Lair:2)
  A deep elf zephyrmancer (D:14)
  2 orc knights
  9 harpies
  17 manticores
  A deep elf pyromancer (D:14)
  2 orc sorcerers (Orc:2)
  11 wolf spiders
  3 fauns
  3 oklob plants (Lair:1)
  A salamander (D:15)
  6 ugly things
  6 cyclopes
  9 merfolk sirens
  3 moths of wrath
  3 water nymphs (Shoals:4)
  11 elephants
  A molten gargoyle (Volcano)
  5 black mambas
  3 demonic crawlers
  An ice statue (IceCv)
  A torpor snail (Spider:3)
  8 cane toads
  4 gargoyles
  An efreet (D:15)
  A yaktaur (D:15)
  An unseen horror (D:12)
  2 kobold demonologists
  2 freezing wraiths
  4 komodo dragons
  2 tengu conjurers
  5 rime drakes
  A queen bee (Lair:3)
  6 meliai
  6 trolls
  14 merfolk
  An anaconda simulacrum (IceCv)
  A polar bear (Lair:5)
  3 wind drakes
  13 tarantellas
  18 blink frogs
  9 snapping turtles
  28 dream sheep
  11 jumping spiders
  2 dire elephant simulacra (IceCv)
  6 water elementals
  13 culicivoras
  A shadow (D:13)
  3 slime creatures (D:15)
  7 humans (D:14)
  3 wraiths
  18 yaks
  A fire elemental (Volcano)
  3 vampire mosquitoes (D:13)
  13 basilisks
  10 wyverns
  15 redbacks
  3 death yak simulacra (IceCv)
  A harpy simulacrum (IceCv)
  3 wargs
  10 water moccasins
  A sky beast (shapeshifter) (D:14)
  5 black bears
  29 orc warriors
  An ice beast (D:6)
  7 ogres
  6 wolves (Lair:3)
  14 centaurs
  A phantom (D:4)
  4 kobold brigands
  9 bullfrogs
  A cane toad simulacrum (IceCv)
  3 two-headed ogre simulacra (IceCv)
  A necrophage (D:4)
  7 scorpions
  5 gnoll sergeants
  6 wights
  19 killer bees (Lair:3)
  2 elephant simulacra (IceCv)
  5 electric eels (Lair:1)
  A howler monkey (shapeshifter) (D:15)
  4 howler monkeys
  4 crimson imps (D:13)
  A human zombie (D:4)
  A centaur zombie (D:4)
  3 hounds
  5 jellies (Lair:4)
  A gnoll bouda (D:8)
  17 orc priests
  3 iron imps (D:9)
  2 sleepcaps
  Jessica (D:2)
  A scorpion zombie (D:4)
  3 spriggan simulacra (IceCv)
  A hell rat (Sewer)
  21 orc wizards
  5 troll simulacra (IceCv)
  2 wolf simulacra (IceCv)
  2 mummies (D:4)
  A howler monkey zombie (D:4)
  Robin (D:2)
  23 gnolls
  3 naga simulacra (IceCv)
  5 river rats
  6 adders
  10 white imps
  6 ufetubi
  An adder zombie (D:4)
  2 worms (D:4)
  2 dart slugs
  64 orcs
  7 ball pythons
  5 bats (D:1)
  12 endoplasms
  6 giant cockroaches
  15 goblins
  18 hobgoblins
  8 jackals
  41 kobolds
  4 quokkas
  4 frilled lizards
  A quokka zombie (D:4)
  14 rats
  2 tentacles (Shoals:4)
925 creatures vanquished.

Vanquished Creatures (collateral kills)
  Mlioglotl (Shoals:1)
  Gastronok (D:10)
  A ghost moth (Spider:2)
  2 merfolk javelineers
  A merfolk impaler (Shoals:1)
  An entropy weaver (Spider:3)
  A rakshasa (D:15)
  2 vault guards (D:14)
  2 merfolk aquamancers
  A catoblepas (D:15)
  A centaur warrior (D:14)
  2 radroaches
  A merfolk avatar (Shoals:4)
  A boulder beetle (D:12)
  3 two-headed ogres (D:15)
  A tengu warrior (D:15)
  A fire crab (Lair:5)
  2 skysharks
  3 sea snakes
  3 pharaoh ants
  2 steelbarb worms
  A bog body (IceCv)
  A wolf spider (Spider:3)
  4 cyclopes
  An oklob plant (Lair:1)
  2 fauns
  5 elephants
  2 demonic crawlers
  2 cane toads (Lair:5)
  A rime drake (Lair:5)
  2 unseen horrors
  An ice devil (IceCv)
  A komodo dragon (Lair:2)
  6 merfolk
  8 tarantellas
  2 wind drakes
  2 blink frogs (Lair:4)
  3 snapping turtles
  3 dream sheep (Lair:3)
  The ghost of turdburglar the Sneak, an amateur KoBr of Okawaru (D:5)
  4 jumping spiders
  A culicivora (Spider:2)
  A wraith (D:11)
  A wyvern (D:8)
  A centaur simulacrum (D:15)
  2 water elementals
  A human (D:14)
  A vampire (D:13)
  A steam dragon (Lair:5)
  10 redbacks
  A warg (Orc:2)
  A death yak simulacrum (IceCv)
  A vampire mosquito (D:13)
  A harpy simulacrum (IceCv)
  3 water moccasins
  An acid dragon (D:10)
  2 orc warriors
  A wolf (Lair:3)
  3 ogres
  A centaur (D:13)
  2 kobold brigands
  3 bullfrogs
  A two-headed ogre simulacrum (IceCv)
  2 cane toad simulacra (IceCv)
  2 wights
  7 killer bees (Lair:3)
  An orc priest (Orc:2)
  9 orc wizards
  A hell rat (Lair:3)
  2 troll simulacra (IceCv)
  A spriggan simulacrum (IceCv)
  7 gnolls
  A naga simulacrum (IceCv)
  3 white imps
  22 orcs
  A hobgoblin (D:6)
  2 kobolds (D:11)
186 creatures vanquished.

Vanquished Creatures (others)
  A sea snake (Shoals:4)
  A human (D:14)
  24 knights
  2 bushes
  63 fungi
  164 plants
  2 starspawn tentacles (Shoals:1)
  6 tentacles (Shoals:4)
263 creatures vanquished.

Grand Total: 1374 creatures vanquished

Notes
Turn   | Place    | Note
-------+----------+-------------------------------------------
     0 | D:1      | LustLizard the Deep Elf Air Elementalist began the quest
                  | for the Orb.
     0 | D:1      | Reached XP level 1. HP: 10/10 MP: 6/6
   199 | D:1      | Reached XP level 2. HP: 15/15 MP: 4/8
   754 | D:1      | Reached XP level 3. HP: 16/20 MP: 6/9
  1590 | D:1      | Learned a level 2 spell: Static Discharge
  1594 | D:1      | Learned a level 3 spell: Swiftness
  1800 | D:2      | Noticed Jessica
  1830 | D:2      | Reached XP level 4. HP: 15/24 MP: 2/11
  1832 | D:2      | Reached skill level 1 in Fighting
  1949 | D:2      | Found a faded altar of an unknown god.
  2082 | D:2      | Noticed Robin
  2097 | D:2      | Killed Robin
  2559 | D:2      | Learned a level 2 spell: Blink
  2680 | D:2      | Found a blossoming altar of Fedhas.
  3005 | D:2      | Killed Jessica
  3006 | D:2      | Reached XP level 5. HP: 29/29 MP: 12/12
  4115 | D:4      | Found a glowing drain.
  4226 | D:4      | Reached skill level 1 in Translocations
  4265 | Sewer    | Entered a sewer
  4424 | Sewer    | Reached XP level 6. HP: 12/34 MP: 14/14
  4832 | D:4      | Found a sacrificial altar of Ru.
  4903 | D:4      | Found Laiwk's Self-Improvement Boutique.
  5000 | D:4      | Found a staircase to the Ecumenical Temple.
  5015 | Temple   | Entered the Ecumenical Temple
  5172 | Temple   | Became a worshipper of Hepliaklqana the Forgotten
  5224 | D:4      | Noticed an orc warrior
  5267 | D:4      | Found a white marble altar of Elyvilon.
  5613 | D:5      | Entered Level 5 of the Dungeon
  5738 | D:5      | Reached XP level 7. HP: 30/39 MP: 15/15
  5900 | D:5      | Reached skill level 5 in Air Magic
  6322 | D:5      | Found a runed translucent gate.
  6322 | D:5      | Found a runed translucent gate.
  6322 | D:5      | Found a runed translucent gate.
  6322 | D:5      | Noticed turdburglar's ghost (amateur KoBr)
  6566 | D:5      | Reached * piety under Hepliaklqana
  6764 | D:6      | Reached skill level 5 in Spellcasting
  6777 | D:6      | Reached skill level 5 in Conjurations
  6933 | D:6      | Reached XP level 8. HP: 40/40 MP: 17/17
  7081 | D:6      | Reached skill level 5 in Stealth
  7179 | D:6      | Found an iron altar of Okawaru.
  7382 | D:6      | You fall into a shaft and drop 1 floor!
  7389 | D:7      | Learned a level 4 spell: Airstrike
  7750 | D:6      | Found a radiant altar of Vehumet.
  7753 | D:6      | Found a sparkling altar of Nemelex Xobeh.
  8248 | D:6      | Reached ** piety under Hepliaklqana
  8249 | D:6      | Remembered your ancestor Caesarion as a knight
  8303 | D:6      | Found Joxat's Specific Store.
  8307 | D:6      | Found Helyk's General Store.
  8311 | D:6      | Bought a scroll of fear for 60 gold pieces
  8315 | D:6      | Bought a scroll of identify for 24 gold pieces
  8417 | D:7      | Found a stormy altar of Qazlal.
  8612 | D:7      | Found a broken altar of Ashenzari.
  8676 | D:7      | Reached XP level 9. HP: 45/45 MP: 5/20
  9083 | D:7      | Identified the +1 chain mail "Vocegot" {Fly rF+ Int+3}
  9852 | D:4      | Found an ancient bone altar of Kikubaaqudgha.
 10184 | D:4      | Found a hide-covered altar of Uskayaw.
 10242 | D:5      | Killed turdburglar's ghost
 10363 | D:8      | Found Ahisch Ugyj's Antique Weapon Emporium.
 10363 | D:8      | Found Fek Con's Antique Weapon Emporium.
 10363 | D:8      | Found Hiecon's Distillery.
 10614 | D:8      | Found an opulent altar of Gozag.
 11208 | D:9      | Reached *** piety under Hepliaklqana
 11567 | D:9      | Reached XP level 10. HP: 50/50 MP: 23/23
 11601 | D:9      | Noticed a cyclops
 11606 | D:9      | Killed a cyclops
 11834 | D:9      | Found a burning altar of Makhleb.
 12324 | D:10     | Entered Level 10 of the Dungeon
 12418 | D:10     | Noticed Gastronok
 12579 | D:10     | Noticed a boulder beetle
 12875 | D:10     | Found Tuudiaj's Magic Scroll Boutique.
 12918 | D:10     | Noticed a gargoyle
 12922 | D:10     | Killed a gargoyle
 13487 | D:10     | Killed a boulder beetle
 13488 | D:10     | Reached skill level 1 in Invocations
 13676 | D:10     | Found a staircase to the Lair.
 13795 | D:10     | Found a runed translucent gate.
 13795 | D:10     | Found a runed translucent gate.
 13795 | D:10     | Found a runed translucent gate.
 13795 | D:10     | Noticed a nine-headed hydra
 13796 | D:10     | Noticed a nine-headed hydra
 13798 | D:10     | Noticed particleface's ghost (novice TeCK)
 13922 | D:10     | Reached skill level 5 in Fighting
 14135 | D:10     | Killed Gastronok
 14136 | D:10     | Reached XP level 11. HP: 47/56 MP: 2/25
 14375 | D:10     | Found a snail-covered altar of Cheibriados.
 14861 | D:11     | Reached **** piety under Hepliaklqana
 14936 | D:11     | Noticed a white ugly thing
 14951 | D:11     | Killed a white ugly thing
 15051 | D:11     | Noticed Nergalle
 15057 | D:11     | Killed Nergalle
 15067 | D:11     | Noticed a two-headed ogre
 15076 | D:11     | Killed a two-headed ogre
 15077 | D:11     | Reached skill level 10 in Air Magic
 15450 | D:11     | Noticed a white ugly thing
 15459 | D:11     | Killed a white ugly thing
 16023 | D:12     | Reached skill level 5 in Dodging
 16209 | D:12     | Noticed a brown ugly thing
 16262 | D:12     | Killed a brown ugly thing
 16407 | D:12     | Reached skill level 10 in Conjurations
 16408 | D:12     | Found a frozen archway.
 16408 | D:12     | Noticed a two-headed ogre
 16461 | D:12     | Killed a two-headed ogre
 16468 | D:12     | Reached ***** piety under Hepliaklqana
 16554 | IceCv    | Entered an ice cave
 17465 | IceCv    | Reached XP level 12. HP: 62/62 MP: 16/27
 18546 | IceCv    | Reached skill level 10 in Spellcasting
 18754 | IceCv    | Learned a level 3 spell: Tukima's Dance
 18778 | IceCv    | Identified the +1 hat of the Other Side {Rampage Slay+2}
 18786 | IceCv    | Got the Excursus on Darkness and the Missiles
 18998 | D:12     | Noticed a boulder beetle
 19077 | D:12     | Found a staircase to the Orcish Mines.
 19083 | D:12     | Reached skill level 10 in Stealth
 19158 | D:12     | Reached skill level 5 in Invocations
 19212 | D:12     | Found a portal to a secret trove of treasure.
 19708 | D:12     | Found the +3 salamander hide armour {Flames, rFlCloud rF++
                  | rC--}
 19922 | Lair:1   | Entered Level 1 of the Lair of Beasts
 20983 | Lair:1   | You fall into a shaft and drop 1 floor!
 21047 | Lair:2   | Noticed a death yak
 21381 | Lair:2   | Noticed a four-headed hydra
 21386 | Lair:2   | Killed a four-headed hydra
 21393 | Lair:2   | Found a transporter.
 21421 | Lair:2   | Found a dark tunnel.
 21431 | Lair:2   | Reached skill level 1 in Armour
 21444 | Volcano  | Entered a volcano
 21935 | Lair:2   | Reached XP level 13. HP: 22/68 MP: 23/29
 22431 | Lair:2   | Found a transporter.
 22495 | Lair:2   | Found a staircase to the Shoals.
 24114 | Lair:3   | Learned a level 5 spell: Lee's Rapid Deconstruction
 24175 | Lair:3   | Reached skill level 1 in Earth Magic
 24530 | Lair:3   | Reached skill level 1 in Evocations
 24699 | Lair:3   | Reached skill level 2 in Earth Magic
 25244 | Lair:3   | Reached skill level 3 in Earth Magic
 25355 | Lair:3   | Found a hole to the Spider Nest.
 25850 | Lair:3   | Reached skill level 4 in Earth Magic
 26888 | Lair:3   | Reached skill level 5 in Earth Magic
 27894 | Lair:4   | Found a viscous altar of Jiyva.
 28088 | Lair:4   | Found a staircase to the Slime Pits.
 28126 | Lair:4   | Noticed Urug
 28131 | Lair:4   | Killed Urug
 28132 | Lair:4   | Reached skill level 6 in Earth Magic
 28313 | Lair:4   | Found a runed translucent gate.
 28313 | Lair:4   | Found a runed translucent gate.
 28313 | Lair:4   | Found a runed translucent gate.
 28315 | Lair:4   | Noticed Avaziugi's ghost (journeyman OpTm)
 28315 | Lair:4   | Noticed Zinwir's ghost (journeyman KoHu)
 28895 | Lair:4   | Reached ****** piety under Hepliaklqana
 29081 | Lair:4   | Reached XP level 14. HP: 74/74 MP: 26/31
 29404 | Lair:4   | Noticed Icosk's ghost (journeyman MeRe)
 29404 | Lair:4   | Noticed Fagh's ghost (journeyman DsCK)
 29797 | Lair:4   | Killed Zinwir's ghost
 29798 | Lair:4   | Reached skill level 7 in Earth Magic
 29870 | Lair:4   | Killed Fagh's ghost
 30056 | Lair:4   | Identified the scarf of Moamom {shadows, Will++ Regen+
                  | SInv}
 30528 | Lair:5   | Entered Level 5 of the Lair of Beasts
 30548 | Lair:5   | Reached skill level 5 in Evocations
 31268 | Lair:4   | Killed Avaziugi's ghost
 31315 | Lair:4   | Killed Icosk's ghost
 31316 | Lair:4   | Reached skill level 8 in Earth Magic
 32309 | Lair:5   | Reached skill level 9 in Earth Magic
 32472 | Lair:5   | Found the ring of the Mage {Wiz Archmagi}
 32522 | Lair:5   | Identified the +0 chain mail of Rukh {*Corrode rElec Dex+4}
 32602 | Lair:5   | Learned a level 8 spell: Lehudib's Crystal Spear
 33226 | D:13     | Found the +15 Maxwell's patent armour {-Cast -Tele rElec
                  | Will+ rCorr}
 33252 | D:13     | Found a shimmering altar of Xom.
 33575 | D:13     | Found a runed translucent gate.
 33575 | D:13     | Found a runed translucent gate.
 33576 | D:13     | Found a runed translucent gate.
 34173 | D:13     | Noticed baller8008's ghost (journeyman MiFi)
 34509 | D:13     | Noticed Snorg
 34513 | D:13     | Killed Snorg
 34514 | D:13     | Reached skill level 10 in Earth Magic
 34795 | Orc:1    | Entered Level 1 of the Orcish Mines
 35313 | Orc:2    | Entered Level 2 of the Orcish Mines
 35826 | Orc:2    | Found a staircase to the Elven Halls.
 36062 | Orc:2    | Found Okelas's Armour Shop.
 36124 | Orc:2    | Found Tyfyq's Antique Weapon Shoppe.
 36405 | Orc:2    | Found Nurghiapn's Distillery.
 36662 | Orc:2    | Noticed Saint Roka
 36663 | Orc:2    | Reached XP level 15. HP: 69/81 MP: 15/32
 36769 | Orc:2    | Found Iluol's Antique Weapon Shop.
 36770 | Orc:2    | Found Mieff's Antique Armour Boutique.
 36777 | Orc:2    | Bought a pair of fine gloves for 218 gold pieces
 36777 | Orc:2    | Identified the +0 pair of gloves of the Leaf {rN+++ Will+++
                  | Regen+ Dex-5} (You bought it in a shop on level 2 of the
                  | Orcish Mines)
 36800 | Orc:2    | Bought a pair of runed boots for 172 gold pieces
 37142 | Orc:2    | Reached skill level 11 in Earth Magic
 37233 | Orc:2    | Killed Saint Roka
 37816 | D:14     | Noticed Roxanne
 37879 | D:14     | Killed Roxanne
 37950 | D:14     | Noticed Agnes
 38514 | D:14     | Reached skill level 1 in Shields
 38652 | D:14     | Noticed Louise
 38987 | D:14     | Reached skill level 12 in Earth Magic
 39111 | D:14     | Found a gate to the Vaults.
 39357 | D:15     | Entered Level 15 of the Dungeon
 40031 | D:15     | Found a runed translucent door.
 40536 | D:15     | Identified the +4 war axe "Pyumu" {protect, *Corrode Drain
                  | Str+10 Dex+3}
 40677 | D:15     | Found a staircase to the Depths.
 41013 | D:15     | Reached skill level 13 in Earth Magic
 41428 | D:15     | Reached skill level 10 in Fighting
 41822 | Shoals:1 | Entered Level 1 of the Shoals
 41882 | Shoals:1 | Learned a level 6 spell: Plasma Beam
 42027 | Shoals:1 | Reached skill level 1 in Fire Magic
 42605 | Shoals:1 | Reached XP level 16. HP: 86/87 MP: 28/33
 42967 | Shoals:1 | Noticed Mlioglotl
 42975 | Shoals:1 | Noticed a tentacled starspawn
 42975 | Shoals:1 | Killed Mlioglotl
 43260 | Shoals:2 | Found Zautagrirhi's Weapon Shop.
 43402 | Shoals:2 | Found a flickering gateway to a bazaar.
 43408 | Bazaar   | Entered a bazaar
 43430 | Bazaar   | Found Busaob's Jewellery Boutique.
 43452 | Bazaar   | Found Ylulaph's Antique Armour Emporium.
 43473 | Bazaar   | Found Eseaxig's Antique Weapon Boutique.
 43493 | Bazaar   | Found Cuxtovo's Weapon Shoppe.
 43535 | Bazaar   | Bought a faintly glowing robe for 108 gold pieces
 43535 | Bazaar   | Identified the +0 robe "Put-Me-On" {rElec Will+ Int-2 SInv}
                  | (You bought it in a shop in a bazaar)
 43535 | Bazaar   | Bought a pair of steaming boots for 180 gold pieces
 43535 | Bazaar   | Identified the +1 pair of boots of Ru's Castigation {Harm
                  | Will+} (You bought it in a shop in a bazaar)
 43802 | Shoals:2 | Reached skill level 14 in Earth Magic
 44120 | Shoals:2 | Found Zeazoan's Magic Scroll Emporium.
 44164 | Shoals:2 | Bought a scroll of magic mapping for 142 gold pieces
 44164 | Shoals:2 | Bought a scroll of fog for 76 gold pieces
 44408 | Shoals:2 | Noticed Ilsuiw
 44413 | Shoals:2 | Killed Ilsuiw
 44414 | Shoals:2 | Reached skill level 5 in Fire Magic
 45686 | Shoals:3 | Noticed a kraken
 45702 | Shoals:3 | Killed a kraken
 45975 | Shoals:4 | Entered Level 4 of the Shoals
 46162 | Shoals:4 | Got the Precepts of Alteration
 46198 | Shoals:4 | Reached skill level 5 in Shields
 46620 | Shoals:4 | Reached skill level 15 in Earth Magic
 46724 | Shoals:4 | Found the +8 demon trident "Rift" {distort, reach+}
 46952 | Shoals:4 | Reached XP level 17. HP: 93/93 MP: 32/34
 47085 | Shoals:4 | Noticed a kraken
 47426 | Shoals:4 | Got the Guide on Envenoming and Spectres
 47816 | Shoals:4 | Killed a kraken
 47861 | Shoals:4 | Got a barnacled rune of Zot
 48145 | Spider:1 | Entered Level 1 of the Spider Nest
 49159 | Spider:1 | You are sucked into a shaft and drop 1 floor!
 51846 | Spider:3 | Reached skill level 16 in Earth Magic
 52328 | Spider:4 | Entered Level 4 of the Spider Nest
 52787 | Spider:4 | Slain by a radroach

Illustrated notes

Levels and vault maps discovered:
D:1:      scummos_arrival_checkerplants, layout_loops_corners
D:2:      minmay_door_path, layout_basic, chequers_ecumenical_altar_island,
          basic_altar, corexii_hall_statues_t, kennysheep_generic_room_7,
          uniq_robin, uniq_jessica
D:3:      layout_loops_ring, lexackson_kobold_supper
D:4:      minmay_recursive_quarters, layout_basic, elyvilon_altar_3,
          nicolae_overflow_hidden_temple, lemuel_mausoleum_altar_kikubaaqudgha,
          minmay_temple_entry_grid, gup_sewer_entry_bowl,
          chequers_serial_rivers_room_b, amcnicky_mini_rare_corridor_liquid,
          grunt_decor_arrowhead, nicolae_shop_self_help
D:5:      layout_basic, gammafunk_ghost_nasty_kobolds
D:6:      cheibrodos_thug_alley, layout_basic, jmf_multi_god_temple,
          okawaru_gym_becter, serial_rivers, chequers_serial_rivers_micro_b,
          chequers_serial_rivers_micro_c, chequers_serial_rivers_micro_c,
          chequers_serial_rivers_micro_d, chequers_serial_rivers_room_a,
          minmay_misc_feat_alley, nicolae_specific_store,
          nicolae_elevator_lobby_plus
D:7:      layout_basic, grunt_qazlal_sundering, lemuel_tele_altar
D:8:      layout_rooms, nicolae_gozag_cash_rules_everything_around_me,
          nicolae_shop_distant_corner_stores
D:9:      layout_roguey, demons_altar
D:10:     layout_roguey, kennysheep_slug_shrine, david_lair_generic,
          gammafunk_ghost_hydra_chop, serial_shops,
          nicolae_shop_pleasant_corner_grove, dk_noncrumbling_2, st_stairs_10,
          minmay_fractal_squares_gapless_5, uniq_gastronok
D:11:     layout_gridville, uniq_nergalle
D:12:     layout_stronghold, orc_0_dummy, nicolae_trove_entry_free_sample,
          portal_ice_cave_rime, hellmonk_guarded_unrand_salamander
D:13:     layout_layer_cave, gammafunk_ghost_spectres, led_xom_imps, uniq_snorg
D:14:     layout_basic, ximxim_vaults_locker_room, serial_bayou_pond_b,
          minivault_19, serial_bayou_pond_a, hangedman_abyss_or_decor_passed,
          billiards_dpeg, uniq_louise, uniq_roxanne, uniq_agnes
D:15:     hangedman_depths_entry_try_elsewhere_first, layout_loops_ring,
          minmay_misc_feat_diagonals, st_stairs_2, grunt_ministairs_10,
          minivault_13
Temple:   hellmonk_temple_flake
Lair:1:   minmay_lair_oklob_tunnel, layout_chaotic_city, serial_bayou_shore_b
Lair:2:   gammafunk_boulding_lane, layout_regular_city,
          elwin_shoals_entry_rooms, nicolae_volcano_entry_vermiform
Lair:3:   regret_index_wax_grids, layout_loops_ring, dummy_spider_entry,
          lemuel_fruit_tree
Lair:4:   layout_regular_city, nicolae_slime_entry_field_trip,
          gammafunk_ghost_cemetery, uniq_urug
Lair:5:   gammafunk_lair_ancient_temple, layout_loops_ring, st_stairs_11
Shoals:1: layout_shoals, uniq_mlioglotl
Shoals:2: layout_shoals, serial_shops, bzr_entry_safe,
          nicolae_shop_competitors_out_of_business, shop_fountains,
          nicolae_shoals_bring_sunscreen, uniq_ilsuiw
Shoals:3: layout_shoals, nicolae_shoals_hunting_party
Shoals:4: shoals_end_hangedman, layout_shoals, shoals_ilsuiw_alternative
Spider:1: layout_spider_delve
Spider:2: layout_spider_delve
Spider:3: layout_spider_delve
Spider:4: spider_rune_water, nicolae_spider_spiderdrome
Orc:1:    layout_caves
Orc:2:    grunt_orc_community_town_hall, layout_diamond_mine,
          grunt_orc_community_big_house_2, grunt_orc_community_big_house_1,
          grunt_orc_community_house_3, grunt_orc_community_house_3,
          grunt_orc_community_house_1, grunt_orc_community_house_3,
          grunt_orc_community_house_1, serial_shops,
          nicolae_shop_real_fake_doors

Skill      XL: |  1  2  3  4  5  6  7  8  9 10 11 12 13 14 15 16 17 |
---------------+----------------------------------------------------+-----
Conjurations   | 2 3 4 5 6 8 9 10 12 13 14 | 14.3
Stealth        | 3 4 5 7 8 9 10 | 10.9
Fighting       | 1 2 3 4 5 6 7 9 10 11 | 11.3
Air Magic      | 4 5 6 8 9 10 11 12 13 | 13.4
Spellcasting   | 4 5 6 7 8 9 10 11 | 11.0
Translocations | 1 2 4 |  4.0
Dodging        | 3 5 7 |  7.3
Invocations    | 2 4 6 7 |  7.3
Armour         | 1 |  1.6
Earth Magic    | 6 10 13 15 16 | 16.1
Evocations     | 4 6 7 |  7.4
Shields        | 3 5 6 |  6.4
Fire Magic     | 2 7 9 |  9.7

Action                     |  1- 3 |  4- 6 |  7- 9 | 10-12 | 13-15 | 16-18 || total
---------------------------+-------+-------+-------+-------+-------+-------++-------
  Melee: Unarmed           |     1 |       |       |       |       |       ||     1
         Staff             |       |       |       |     9 |    39 |    10 ||    58
   Fire: Sling             |    10 |       |       |       |       |       ||    10
   Cast: Shock             |    84 |   210 |   325 |   216 |   148 |     3 ||   986
         Static Discharge  |     3 |     9 |    18 |     5 |       |       ||    35
         Airstrike         |       |       |    14 |   286 |  1053 |   679 ||  2032
         Blink             |       |       |     1 |       |    14 |     6 ||    21
         Swiftness         |       |       |       |     1 |     8 |     2 ||    11
         Lee's Rapid Decon |       |       |       |       |     9 |       ||     9
         Plasma Beam       |       |       |       |       |       |    47 ||    47
 Invoke: Recall Ancestor   |       |       |     1 |     3 |    29 |     6 ||    39
         Ancestor Life: Kn |       |       |     1 |       |       |       ||     1
         Idealise          |       |       |       |       |     1 |     1 ||     2
  Evoke: Wand              |       |       |       |    11 |    10 |     6 ||    27
    Use: Scroll            |     1 |       |     9 |    10 |    20 |     4 ||    44
         Potion            |       |       |       |     3 |     2 |     5 ||    10
   Stab: Distracted        |       |       |       |     1 |       |       ||     1
 Armour: Robe              |     7 |     7 |    14 |    19 |    49 |       ||    96
         Leather armour    |       |       |       |       |    25 |    55 ||    80
  Dodge: Dodged            |    10 |    13 |    71 |    57 |   221 |   116 ||   488

Table legend: (Time is in decaauts)
 A = Elapsed time spent in this place.
 B = Non-inter-level travel time spent in this place.
 C = Inter-level travel time spent in this place.
 D = Time resting spent in this place.
 E = Time spent auto-exploring this place.
 F = Levels seen in this place.
 G = Mean time per level.
                   A        B        C        D        E       F      G
               +--------+--------+--------+--------+--------+-----+--------+
         Total |  52919 |  50391 |   2528 |   7488 |  34969 |  35 | 1512.0 |
       Dungeon |  23577 |  22127 |   1450 |   1661 |  17204 |  15 | 1571.8 |
        Temple |    168 |    142 |     26 |      0 |    129 |   1 |  168.0 |
          Lair |  12853 |  12163 |    690 |   2800 |   7438 |   5 | 2570.6 |
        Shoals |   6062 |   5912 |    150 |    510 |   4490 |   4 | 1515.5 |
   Spider Nest |   4587 |   4563 |     24 |   1262 |   2620 |   4 | 1146.8 |
  Orcish Mines |   2503 |   2317 |    186 |    323 |   1484 |   2 | 1251.5 |
        Bazaar |    151 |    151 |      0 |      0 |    103 |   1 |  151.0 |
         Sewer |    295 |    295 |      0 |     85 |    167 |   1 |  295.0 |
      Ice Cave |   2265 |   2265 |      0 |    808 |   1075 |   1 | 2265.0 |
       Volcano |    453 |    453 |      0 |     39 |    258 |   1 |  453.0 |
               +--------+--------+--------+--------+--------+-----+--------+

Top non-repeatable levels by time:
  Lair:3: 3682 daAuts
  Lair:4: 3636 daAuts
  Lair:1: 2380 daAuts
    D:15: 2302 daAuts
   IceCv: 2265 daAuts
    D:10: 2251 daAuts
Spider:2: 2079 daAuts
Shoals:4: 2067 daAuts
    D:13: 1982 daAuts
    D:12: 1941 daAuts
  Lair:2: 1922 daAuts
     D:4: 1853 daAuts
     D:6: 1685 daAuts
   Orc:2: 1661 daAuts
     D:1: 1650 daAuts
